 Dungeon Crawl Stone Soup version 0.30-a0-219-gf2db51d15e (webtiles) character file.

Game seed: 11121717397613661898

67 KennySheep the Chiller (level 4, 0/30 HPs)
             Began as a Barachi Ice Elementalist on Oct 8, 2022.
             Slain by a nameless horror (10 damage)
             ... created by miscasting Summon Ice Beast
             ... on level 3 of the Dungeon.
             The game lasted 00:08:32 (1809 turns).

KennySheep the Chiller (Barachi Ice Elementalist)   Turns: 1809, Time: 00:08:33

Health: 0/30       AC:  3    Str:  9    XL:     4   Next: 16%
Magic:  0/8        EV: 12    Int: 18    God:
Gold:   107        SH:  0    Dex: 12    Spells: 0/8 levels left

rFire   . . .      SeeInvis .    a - +1 long sword
rCold   . . .      Faith    .    (no shield)
rNeg    . . .      Spirit   .    i - +0 robe
rPois   .          Reflect  .    (no helmet)
rElec   .          Harm     .    (no cloak)
rCorr   .          Rampage  .    (no gloves)
Will    .....                    d - +0 pair of boots
Stlth   ++........               j - amulet of regeneration
HPRegen 1.05/turn                (no ring)
MPRegen 0.11/turn                (no ring)

@: slow
A: amphibious, slowness 1, strong legs 1, +LOS
a: Hop


You were on level 3 of the Dungeon.
You visited 1 branch of the dungeon, and saw 3 of its levels.

You collected 107 gold pieces.

Inventory:

Hand Weapons
 a - a +1 long sword (weapon)
Armour
 d - a +0 pair of boots (worn)
 i - a +0 robe (worn)
Jewellery
 j - an amulet of regeneration (around neck)
Scrolls
 c - a scroll of fog {unknown}
 f - 2 scrolls of amnesia {unknown}
 g - 2 scrolls of enchant weapon
 h - 2 scrolls of magic mapping
 k - a scroll of torment
 l - a scroll of blinking
 m - a scroll of vulnerability {unknown}
 o - a scroll of enchant armour {unknown}
 p - 3 scrolls of identify
 s - a scroll of teleportation {unknown}
Potions
 b - a potion of magic
 e - a potion of haste {unknown}
 n - a potion of degeneration {unknown}
 q - 2 potions of cancellation {unknown}
 r - a potion of might {unknown}


   Skills:
 - Level 2.1 Dodging
 - Level 1.7 Stealth
 + Level 2.8 Spellcasting
 * Level 1.7 Summonings
 * Level 6.0 Ice Magic


You couldn't memorise any spells.
You knew the following spells:

 Your Spells              Type           Power      Damage    Failure   Level
a - Freeze                Ice            96%        1d11      1%          1
b - Ozocubu's Armour      Ice            24%        N/A       4%          3
c - Summon Ice Beast      Ice/Summ       16%        N/A       32%         4

Your spell library contained the following spells:

 Spells                   Type           Power      Damage    Failure   Level
 Frozen Ramparts          Ice            48%        1d8       4%          3
 Ensorcelled Hibernation  Hex/Ice        26%        N/A       8%          2
 Call Canine Familiar     Summ           8%         N/A       24%         3
 Cigotuvi's Dreadful Rot  Necr/Pois/Air  4%         N/A       26%         2
 Passwall                 Tmut/Erth      1%         N/A       26%         2
 Portal Projectile        Hex/Tloc       4%         N/A       45%         3
 Swiftness                Air            2%         N/A       45%         3
 Dispel Undead            Necr           2%         3d7       86%         4
 Leda's Liquefaction      Hex/Erth       1%         N/A       86%         4
 Death Channel            Necr           1%         N/A       100%        6


Dungeon Overview and Level Annotations

Branches:
Dungeon (3/15)

Altars:


Innate Abilities, Weirdness & Mutations

You are amphibious.
You cover ground slowly.
You can hop short distances.
You have an extended range of vision and can be seen from far away.


Message History

The nameless horror hits you but does no damage. x2
You hit the nameless horror.
The nameless horror is lightly damaged.
The nameless horror hits you.
You feel your power leaking away.
You hit the nameless horror.
The nameless horror is moderately damaged.
The nameless horror barely misses you.
The nameless horror completely misses you.
You hit the nameless horror but do no damage.
The nameless horror is moderately damaged.
The nameless horror barely misses you.
You barely miss the nameless horror.
The nameless horror is moderately damaged.
The nameless horror completely misses you.
You hit the nameless horror but do no damage.
The nameless horror is moderately damaged.
The nameless horror hits you!
You feel your power leaking away. The nameless horror hits you.
You slash the nameless horror!
The nameless horror is severely damaged.
The nameless horror hits you!
You hit the nameless horror but do no damage.
The nameless horror is severely damaged.
The nameless horror barely misses you. The nameless horror hits you!
* * * LOW HITPOINT WARNING * * *
You hit the nameless horror.
The nameless horror is almost destroyed.
The nameless horror closely misses you.
Your magical contamination has completely faded away.
You hit the nameless horror.
The nameless horror is almost destroyed.
The nameless horror hits you.
* * * LOW HITPOINT WARNING * * *
You feel your power leaking away.
You hit the nameless horror but do no damage.
The nameless horror is almost destroyed.
The nameless horror barely misses you. The nameless horror hits you!
You die...

#.##.###.# ##.....#
# #..# #.# ##...## #
#.## #.# ##+## #.#.#
#.# #.#
#.#.####.#######.###
#........# .........
####.###### ##...#.
#........# #......
#.##@###.# ##..<#. #
#X###.###. ##.###
#w........ #.#
#........#### #.#
########## #.# #.#
#.# #.# #.#


You could see a nameless horror and a worm.

Vanquished Creatures
  An adder (D:2)
  A worm (D:3)
  3 dart slugs
  An orc (D:3)
  3 ball pythons
  4 bats
  3 endoplasms
  2 giant cockroaches
  3 goblins (D:2)
  3 hobgoblins
  4 jackals (D:2)
  8 kobolds
  2 frilled lizards
  6 rats
44 creatures vanquished.

Notes
Turn   | Place    | Note
-------+----------+-------------------------------------------
     0 | D:1      | KennySheep the Barachi Ice Elementalist began the quest for
                  | the Orb.
     0 | D:1      | Reached XP level 1. HP: 13/13 MP: 3/3
   115 | D:1      | Reached skill level 5 in Ice Magic
   246 | D:1      | Reached XP level 2. HP: 19/19 MP: 3/5
   953 | D:2      | Reached XP level 3. HP: 24/24 MP: 6/6
  1100 | D:2      | Reached skill level 1 in Summonings
  1500 | D:3      | Learned a level 3 spell: Ozocubu's Armour
  1513 | D:3      | Reached XP level 4. HP: 28/30 MP: 8/8
  1518 | D:3      | Learned a level 4 spell: Summon Ice Beast
  1752 | D:3      | Reached skill level 6 in Ice Magic
  1795 | D:3      | Noticed a nameless horror
  1809 | D:3      | Slain by a nameless horror

Illustrated notes

Levels and vault maps discovered:
D:1:      psy_arrival_terrarium, layout_basic, serial_curves, eino_curves_02,
          eino_curves_02, nicolae_kite_square_tiling_tiny, chequers_big_river,
          minivault_19, solitary_fountain
D:2:      layout_rooms, hangedman_decor_growths
D:3:      layout_loops_corners, hangedman_glass_teeth, uniq_natasha

Skill      XL: |  1  2  3  4 |
---------------+-------------+-----
Ice Magic      | 5 6 |  6.0
Summonings     | 1 |  1.7
Dodging        | |  2.1
Stealth        | |  1.7
Spellcasting   | |  2.8

Action                   |  1- 3 |  4- 6 || total
-------------------------+-------+-------++-------
Melee: Unarmed           |     3 |       ||     3
       Long sword        |    57 |    45 ||   102
 Cast: Freeze            |    22 |       ||    22
  Use: Scroll            |     4 |       ||     4
 Stab: Sleeping          |       |     2 ||     2
Armor: Robe              |    23 |    14 ||    37
Dodge: Dodged            |    62 |    36 ||    98

Table legend: (Time is in decaauts)
 A = Elapsed time spent in this place.
 B = Non-inter-level travel time spent in this place.
 C = Inter-level travel time spent in this place.
 D = Time resting spent in this place.
 E = Time spent auto-exploring this place.
 F = Levels seen in this place.
 G = Mean time per level.
                   A        B        C        D        E       F      G
               +--------+--------+--------+--------+--------+-----+--------+
         Total |   2099 |   2005 |     94 |     83 |   1480 |   3 |  699.7 |
       Dungeon |   2099 |   2005 |     94 |     83 |   1480 |   3 |  699.7 |
               +--------+--------+--------+--------+--------+-----+--------+

Top non-repeatable levels by time:
     D:1: 968 daAuts
     D:2: 654 daAuts
     D:3: 477 daAuts
